 Dungeon Crawl Stone Soup version 0.30.0-18-gc0e69614cb (webtiles) character file.

Game seed: 4402634022579096664

122 workbot the Chopper (level 4, 0/39 HPs)
             Began as a Minotaur Berserker on May 24, 2023.
             Was a Believer of Trog.
             Succumbed to a kobold's poison
             ... on level 3 of the Dungeon.
             The game lasted 00:05:01 (1620 turns).

workbot the Chopper (Minotaur Berserker)            Turns: 1620, Time: 00:05:01

Health: 0/39       AC:  8    Str: 23    XL:     4   Next: 78%
Magic:  3/3        EV:  7    Int:  4    God:    Trog [**....]
Gold:   148        SH:  0    Dex: 10    Spells: 3/3 levels left

rFire   . . .        a - +0 hand axe
rCold   . . .        p - +0 kite shield
rNeg    . . .        q - +0 chain mail
rPois   .            (helmet restricted)
rElec   .            (no cloak)
rCorr   .            (no gloves)
SInv    .            (no boots)
Will    .....        (no amulet) Stlth
                     (no ring)
HPRegen 0.26/turn    (no ring)
MPRegen 0.08/turn

%: no passive effects
@: confused, lethally poisoned (0 -> -3)
A: horns 2, retaliatory headbutt
a: Renounce Religion, Berserk, Trog's Hand


You were on level 3 of the Dungeon.
You worshipped Trog.
Trog was pleased with you.
You visited 1 branch of the dungeon, and saw 3 of its levels.

You collected 148 gold pieces.

Inventory:

Hand Weapons
 a - a +0 hand axe (weapon)
Missiles
 g - a throwing net (quivered)
Armour
 p - a +0 kite shield (worn)
 q - a +0 chain mail (worn)
Wands
 o - a wand of flame (13)
Scrolls
 c - 2 scrolls of identify {unknown}
 j - a scroll of enchant armour {unknown}
 k - 2 scrolls of enchant weapon {unknown}
 l - a scroll of vulnerability {unknown}
Potions
 b - a potion of cancellation {unknown}
 d - 2 potions of flight {unknown}
 e - a potion of heal wounds {unknown}
 i - 2 potions of might {unknown}
 m - a potion of attraction {unknown}
 n - a potion of curing {unknown}


   Skills:
 - Level 3.6 Fighting
 + Level 6.7 Axes
 - Level 2.4 Armour
 - Level 2.1 Dodging


You had 3 spell levels left.
You didn't know any spells.
Your spell library was empty.

Dungeon Overview and Level Annotations

Branches:
Dungeon (3/15)

Altars:


Innate Abilities, Weirdness & Mutations

You have a pair of horns on your head.
You reflexively headbutt those who attack you in melee.


Message History

You are too confused!
You are too confused!
You are too confused!
You feel sick. The orc hits you with a +0 hand axe.
The kobold throws a poisoned dart.
The poisoned dart hits you!
You are more poisoned.
The orc wizard mumbles some strange words.
The orc wizard flickers and vanishes!
Deactivating autopickup; reactivate with Ctrl-A.
You're too confused to move!
You feel very sick. Something hits you but does no damage.
The orc hits you but does no damage.
You barely miss something. Your headbutt misses something.
You hit the orc but do no damage.
You feel less confused.
You feel very sick. You block the orc's attack.
Something hits you but does no damage.
You hit something but do no damage. You hit the orc but do no damage.
You feel very sick. The orc hits you with a +0 hand axe.
You hear some strange, mumbled words.
You are confused.
You miss something. Your headbutt misses something. You hit the orc.
You feel sick. The orc hits you but does no damage. Something hits you.
You miss the kobold. You hit something. You hit the orc but do no damage.
You feel sick. The kobold hits you but does no damage.
Something hits you but does no damage. The orc hits you but does no damage.
You closely miss the orc.
The orc is almost dead.
You closely miss something. You barely miss the kobold.
You feel sick. The kobold completely misses you. Something hits you.
* * * LOW HITPOINT WARNING * * *
The orc hits you with a +0 hand axe.
* * * LOW HITPOINT WARNING * * *
Something hits you but does no damage. The kobold attacks as you move away!
The kobold hits you with a +0 short sword.
* * * LOW HITPOINT WARNING * * *
x2 You feel sick.
The orc closely misses you.
You're too confused to move!
You die...

##.....##
##.......###
#..........#
#.......>..#
#..........#
)##..........####
.................
.......@.......#
......oK.....#.
.....?..)..(##
.........)<.#
###...).†>..####
#............#
#.........##...
#.........# ##
##.####...#


You could see an orc and a kobold.

Vanquished Creatures
  Jessica (D:2)
  2 adders (D:2)
  2 worms (D:2)
  2 dart slugs (D:2)
  6 orcs
  4 ball pythons
  4 bats
  3 endoplasms
  7 goblins (D:1)
  7 hobgoblins
  3 quokkas
  12 kobolds
  7 rats
60 creatures vanquished.

Notes
Turn   | Place    | Note
-------+----------+-------------------------------------------
     0 | D:1      | workbot the Minotaur Berserker began the quest for the Orb.
     0 | D:1      | Reached XP level 1. HP: 19/19 MP: 0/0
    47 | D:1      | Reached skill level 4 in Axes
   274 | D:1      | Reached XP level 2. HP: 25/26 MP: 1/1
   514 | D:1      | Reached ** piety under Trog
   728 | D:1      | Reached skill level 5 in Axes
   932 | D:2      | Reached XP level 3. HP: 30/31 MP: 2/2
  1210 | D:2      | Reached skill level 6 in Axes
  1210 | D:2      | Reached XP level 4. HP: 37/39 MP: 3/3
  1417 | D:2      | Noticed Jessica
  1421 | D:2      | Killed Jessica
  1619 | D:3      | HP: 1/39 [poisoned by a kobold]
  1620 | D:3      | Succumbed to a kobold's poison

Illustrated notes

Levels and vault maps discovered:
D:1:      saegor_arrival_simple_d, layout_basic
D:2:      minmay_kobold_bridge, layout_loops_ring, kennysheep_nub,
          ebering_dispersal_statue_hall, uniq_jessica
D:3:      layout_rooms, kennysheep_orc_sif_temple

Skill      XL: |  1  2  3 |
---------------+----------+-----
Axes           | 4 5 6 |  6.7
Fighting       | |  3.6
Armour         | |  2.4
Dodging        | |  2.1

Action                     |  1- 3 |  4- 6 || total
---------------------------+-------+-------++-------
  Melee: Hand axe          |    88 |    26 ||   114
         Headbutt          |    16 |     5 ||    21
 Invoke: Berserk           |     1 |     1 ||     2
 Armour: Ring mail         |    29 |     3 ||    32
         Animal skin       |     1 |       ||     1
         Chain mail        |       |     8 ||     8
  Dodge: Dodged            |    56 |    27 ||    83
  Block: Buckler           |     4 |       ||     4
         Kite shield       |       |     2 ||     2
